 Dungeon Crawl Stone Soup version 0.28.0-53-g5a82cb258f (webtiles) character file.

Game seed: 14365087788471302313

27 Infernotoast the Chopper (level 2, -3/27 HPs)
             Began as a Minotaur Berserker on July 26, 2022.
             Was a Believer of Trog.
             Slain by Crazy Yiuf
             ... wielding a +4 quarterstaff of chaos
              (7 damage)
             ... on level 2 of the Dungeon.
             The game lasted 00:07:25 (917 turns).

Infernotoast the Chopper (Minotaur Berserker)        Turns: 917, Time: 00:07:26

Health: -3/27      AC:  6    Str: 21    XL:     2   Next: 93%
Magic:  1/1        EV: 10    Int:  4    God:    Trog [**....]
Gold:   74         SH:  0    Dex:  9    Spells: 1/1 levels left

rFire   . . .      SeeInvis .   a - +0 hand axe
rCold   . . .      Faith    .   (no shield)
rNeg    . . .      Spirit   .   i - +0 scale mail
rPois   .          Reflect  .   (helmet restricted)
rElec   .          Harm     .   (no cloak)
rCorr   .          Rampage  .   (no gloves)
Will    .....                   (no boots)
Stlth   ..........              (no amulet)
HPRegen 0.09/turn               (no ring)
MPRegen 0.07/turn               (no ring)

@: no status effects
A: horns 2, retaliatory headbutt
a: Renounce Religion, Berserk, Trog's Hand


You were on level 2 of the Dungeon.
You worshipped Trog.
Trog was pleased with you.
You visited 1 branch of the dungeon, and saw 2 of its levels.

You collected 74 gold pieces.

Inventory:

Hand Weapons
 a - a +0 hand axe (weapon)
Armour
 i - a +0 scale mail (worn)
Scrolls
 c - a scroll of identify
 e - a scroll of summoning {unknown}
 f - a scroll of enchant armour {unknown}
Potions
 d - a potion of attraction
 h - a potion of curing {unknown}


   Skills:
 + Level 4.0 Fighting
 + Level 4.3 Axes
 + Level 2.8 Armour
 + Level 2.3 Dodging


You had one spell level left.
You didn't know any spells.
Your spell library was empty.

Dungeon Overview and Level Annotations

Branches:
Dungeon (2/15)

Altars:

Annotations:
D:2 Crazy Yiuf


Innate Abilities, Weirdness & Mutations

You have a pair of horns on your head.
You reflexively headbutt those who attack you in melee.


Message History

You kill the kobold!
Trog accepts your kill.
HP restored.
Found 10 gold pieces.
You now have 64 gold pieces (gained 15).
h - a green potion You now have 74 gold pieces (gained 10).
You see here a +0 scale mail.
i - a +0 scale mail You start removing your armour.
You continue taking off your +0 ring mail. x4
You finish taking off your +0 ring mail.
You start putting on your armour.
You continue putting on your +0 scale mail. x5
You finish putting on your +0 scale mail.
You drop a +0 animal skin.
You drop a +0 ring mail.
Found a mace.
Found a runed translucent door.
Crazy Yiuf shouts!
Crazy Yiuf says, "Key snockshim sing!"
You open the door.
Crazy Yiuf screams, "Tosser water bag!"
You barely miss Crazy Yiuf.
Crazy Yiuf hits you with a +4 quarterstaff of chaos!
Crazy Yiuf burns you.
You hit Crazy Yiuf.
Crazy Yiuf is moderately wounded.
Crazy Yiuf hits you with a +4 quarterstaff of chaos.
* * * LOW HITPOINT WARNING * * *
Crazy Yiuf freezes you.
* * * LOW HITPOINT WARNING * * *
You hit Crazy Yiuf but do no damage. Your headbutt misses Crazy Yiuf.
Crazy Yiuf is moderately wounded.
Crazy Yiuf closely misses you. You furiously retaliate!
You headbutt Crazy Yiuf. You hit Crazy Yiuf. You headbutt Crazy Yiuf.
Crazy Yiuf is severely wounded.
Crazy Yiuf drinks a potion.
Crazy Yiuf is healed!
Crazy Yiuf hits you with a +4 quarterstaff of chaos!
You die...

....##
..)..##
......#
......#
#####
......#
#)..#
......#
#...#
......# ...
......# #g#
.....#######
♣@♣♣
...........#
♣♣.♣
##########.#
♣.♣♣ #.#
♣♣.♣ #.#
♣♣.♣♣ #.#
♣♣...♣ #.#
♣....♣ #.#
#....#
#.####....#


You could see Crazy Yiuf.

Vanquished Creatures
  5 ball pythons
  5 bats
  An endoplasm (D:1)
  2 goblins (D:1)
  A quokka (D:1)
  3 frilled lizards (D:1)
  5 kobolds
  4 rats
26 creatures vanquished.

Notes
Turn   | Place    | Note
-------+----------+-------------------------------------------
     0 | D:1      | Infernotoast the Minotaur Berserker began the quest for the
                  | Orb.
     0 | D:1      | Reached XP level 1. HP: 19/19 MP: 0/0
   235 | D:1      | Reached XP level 2. HP: 21/27 MP: 1/1
   274 | D:1      | Found a faded altar of an unknown god.
   725 | D:2      | Reached ** piety under Trog
   909 | D:2      | Found a runed translucent door.
   910 | D:2      | Noticed Crazy Yiuf
   917 | D:2      | Slain by Crazy Yiuf

Illustrated notes

Levels and vault maps discovered:
D:1:      eino_arrival_water_star, layout_rooms,
          hellmonk_ecumenical_altar_zigzags, hangedman_feature_mirror
D:2:      layout_rooms, chequers_mini_garden, uniq_crazy_yiuf_cottage

Skill      XL: |  1  2 |
---------------+-------+-----
Axes           | 4 |  4.3
Fighting       | 4 |  4.0
Armour         | |  2.8
Dodging        | |  2.3

Action                   || total
-------------------------++-------
Melee: Hand axe          ||    47
       Headbutt          ||     5
  Use: Scroll            ||     3
Armor: Animal skin       ||     5
       Ring mail         ||    18
Dodge: Dodged            ||    40
